 Dungeon Crawl Stone Soup version 0.20-a0-350-ga83eecc (webtiles) character file.

1064 terra52 the Insei (level 8, -5/59 HPs)
             Began as a White Draconian Transmuter on Dec 23, 2016.
             Was a Believer of Uskayaw.
             Slain by a flying skull (10 damage)
             ... created by the anger of Yredelemnul
             ... in an ossuary.
             The game lasted 00:29:30 (5391 turns).

terra52 the Insei (White Draconian Transmuter)      Turns: 5391, Time: 00:29:30

Health: -5/59      AC:  2    Str: 13    XL:     8   Next: 6%
Magic:  11/14      EV: 22    Int: 13    God:    Uskayaw [**....]
Gold:   208        SH:  0    Dex: 21    Spells: 8/15 levels left

rFire  . . .     SeeInvis .       - Unarmed
rCold  . . .     Gourm    .     (armour unavailable)
rNeg   . . .     Faith    .     (shield currently unavailable)
rPois  x         Spirit   .     (helmet currently unavailable)
rElec  .         Reflect  .     (cloak currently unavailable)
rCorr  .         Harm     .     (gloves currently unavailable)
MR     .....                    (boots currently unavailable)
Stlth  ++........               (no amulet)
                                (no ring)
                                h - ring of wizardry

@: spider-form
A: (breathe frost), unfitting armour, agile 1, (cold resistance 0),
(cold-blooded), AC +6
a: End Transformation, Stomp, Line Pass, Renounce Religion


You were in an ossuary.
You worshipped Uskayaw.
Uskayaw was noncommittal.
You were not hungry.
You were a venomous arachnid creature.
You visited 1 branch of the dungeon, and saw 6 of its levels.
You also visited: Ossuary.

You collected 208 gold pieces.

Inventory:

Hand Weapons
 i - a +0 battleaxe
Missiles
 a - 53 arrows
Armour
 w - a +1 cloak (melded)
 G - a +2 hat (melded)
Jewellery
 h - a ring of wizardry (left front leg)
 n - an uncursed amulet of the gourmand {unknown}
 F - an uncursed amulet of regeneration {unknown}
Wands
 u - a wand of flame (14/48)
 E - a wand of lightning (10/15)
Scrolls
 e - 3 scrolls of identify
 f - a scroll of amnesia
 j - 3 scrolls of remove curse
 k - a scroll of immolation {unknown}
 m - a scroll of enchant weapon {unknown}
 q - a scroll of fear
 r - a scroll of enchant armour {unknown}
 A - a scroll of noise {unknown}
Potions
 l - a potion of flight {unknown}
 p - 3 potions of curing
 s - a potion of cure mutation {unknown}
 t - 2 potions of haste {unknown}
 x - a potion of mutation {unknown}
 z - a potion of might {unknown}
 B - a potion of magic {unknown}
 D - a potion of agility {unknown}
Books
 b - a book of Changes

   Spells                             Type                      Level
   a - Beastly Appendage              Transmutation                1
   b - Sticks to Snakes               Transmutation                2
   c - Spider Form                    Transmutation/Poison         3
   d - Ice Form                       Ice/Transmutation            4
   e - Blade Hands                    Transmutation                5
 g - a book of Minor Magic

   Spells                             Type                      Level
   a - Magic Dart                     Conjuration                  1
   b - Blink                          Translocation                2
   c - Call Imp                       Summoning                    2
   d - Repel Missiles                 Charms/Air                   2
   e - Slow                           Hexes                        2
   f - Conjure Flame                  Conjuration/Fire             3
   g - Mephitic Cloud                 Conjuration/Poison/Air       3
 v - a book of Callings

   Spells                             Type                      Level
   a - Summon Small Mammal            Summoning                    1
   b - Call Imp                       Summoning                    2
   c - Call Canine Familiar           Summoning                    3
   d - Summon Guardian Golem          Hexes/Summoning              3
   e - Summon Lightning Spire         Summoning/Air                4
   f - Summon Ice Beast               Ice/Summoning                4
 y - a book of Misfortune

   Spells                             Type                      Level
   a - Confusing Touch                Hexes                        1
   b - Confuse                        Hexes                        3
   c - Gell's Gravitas                Hexes/Translocation          3
   d - Petrify                        Transmutation/Earth          4
   e - Metabolic Englaciation         Hexes/Ice                    5
   f - Yara's Violent Unravelling     Hexes/Transmutation          5
 H - a book of Air

   Spells                             Type                      Level
   a - Shock                          Conjuration/Air              1
   b - Swiftness                      Charms/Air                   2
   c - Repel Missiles                 Charms/Air                   2
   d - Static Discharge               Conjuration/Air              3
   e - Lightning Bolt                 Conjuration/Air              5
Comestibles
 c - 4 bread rations
 d - 2 meat rations
 C - a royal jelly


   Skills:
 + Level 1.5 Fighting
 + Level 3.4 Dodging
 + Level 1.9 Stealth
 + Level 6.3 Unarmed Combat
 + Level 4.1 Spellcasting
 + Level 0.4 Summonings
 + Level 4.0 Transmutations
 + Level 2.6 Poison Magic
 + Level 0.8 Evocations


You had 8 spell levels left.
You knew the following spells:

 Your Spells              Type           Power        Failure   Level  Hunger
a - Beastly Appendage     Tmut           ##....       6%          1    None
b - Spider Form           Tmut/Pois      ##........   16%         3    ###....
c - Confusing Touch       Hex            #.....       17%         1    None
d - Summon Small Mammal   Summ           #...         17%         1    None
e - Magic Dart            Conj           #...         17%         1    None


Dungeon Overview and Level Annotations

Branches:
Dungeon (6/15)
 Temple: D:4-7

Altars:
Dithmenos
Okawaru
Qazlal
Uskayaw
Xom
Yredelemnul
Zin

Shops:
D:4 (

Annotations:
D:6 WhimsyGirl's ghost, novice MiFi


Innate Abilities, Weirdness & Mutations

((You can breathe waves of freezing cold.))
((You can buffet flying creatures when you breathe cold.))
((Your icy white scales are hard. (AC +6)))
You cannot fit into any form of body armour.
((Your flesh is cold resistant. (rC+)))
((You are cold-blooded and may be slowed by cold attacks.))
You are agile. (Dex +2)


Message History

Forget which spell ([?*] list [ESC] exit)?
Forget which spell ([?*] list [ESC] exit)?
You don't know that spell.
Forget which spell ([?*] list [ESC] exit)?
You don't know that spell.
Forget which spell ([?*] list [ESC] exit)?
Okay, then.
The flying skull closely misses you. The flying skull misses you.
The flying skull completely misses you. The flying skull misses you. x2
The water moccasin zombie bites you. The flying skull closely misses you.
Okay, then.
It was a potion of beneficial mutation.
You feel agile.
You feel fantastic! The flying skull closely misses you.
The flying skull hits you!
* * * LOW HITPOINT WARNING * * *
The flying skull hits you!
* * * LOW HITPOINT WARNING * * *
The flying skull hits you!
You die...

### ##################
#∩.Z#zz.#....#...#...#
#..ZZsz^#....'^.^#...#
#..Z#zz^'....#^^^'...#
### ###############'##
#^^^# #.^.# #.^^#
#^..# #'### #...#


You could see 5 flying skulls, a water moccasin zombie, a kobold zombie, a big
kobold zombie and an orc zombie.

Vanquished Creatures
  2 ice beasts (D:5)
  A sky beast (D:5)
  An ogre (D:4)
  3 water moccasin zombies (Ossuary)
  A howler monkey (D:6)
  3 hounds
  A jelly (D:6)
  2 bullfrog skeletons
  2 worker ants
  A big kobold zombie (Ossuary)
  2 hound skeletons
  5 adders
  An ooze (D:3)
  7 adder zombies
  3 worms
  2 dart slugs
  4 leopard geckos
  12 orcs
  7 giant cockroaches
  13 goblins
  5 hobgoblins
  5 jackals
  A quokka (D:4)
  A ball python (D:2)
  11 bats
  3 frilled lizards
  A gnoll zombie (Ossuary)
  A hobgoblin zombie (Ossuary)
  5 kobolds
  2 kobold zombies (Ossuary)
  7 orc zombies (Ossuary)
  A quokka zombie (D:6)
  6 rats
122 creatures vanquished.

Vanquished Creatures (collateral kills)
  An ogre (D:4)
1 creature vanquished.

Grand Total: 123 creatures vanquished

Notes
Turn   | Place    | Note
-------+----------+-------------------------------------------
     0 | D:1      | terra52 the Draconian Transmuter began the quest for the Orb.
     0 | D:1      | Reached XP level 1. HP: 16/16 MP: 3/3
   177 | D:1      | Reached XP level 2. HP: 17/23 MP: 3/5
   802 | D:2      | Reached XP level 3. HP: 12/28 MP: 4/6
   947 | D:2      | Learned a level 3 spell: Spider Form
   950 | D:2      | Found a basalt altar of Yredelemnul.
   957 | D:2      | Became a worshipper of Yredelemnul the Dark
  1015 | D:2      | Found a glowing silver altar of Zin.
  1484 | D:2      | Found a shimmering altar of Xom.
  1839 | D:3      | Reached XP level 4. HP: 33/35 MP: 4/8
  2260 | D:3      | Reached * piety under Yredelemnul
  2564 | D:4      | Noticed an ogre
  2572 | D:4      | Noticed an ogre
  2583 | D:3      | Reached skill level 1 in Stealth
  2583 | D:3      | Reached skill level 1 in Poison Magic
  2749 | D:4      | Reached XP level 5. HP: 37/40 MP: 5/9
  2814 | D:4      | Found a shadowy altar of Dithmenos.
  2836 | D:4      | Reached skill level 4 in Unarmed Combat
  3100 | D:4      | Found Wozoguge's Antique Weapon Boutique.
  3170 | D:4      | Killed an ogre
  3170 | D:4      | Reached XP level 6. HP: 47/47 MP: 3/10
  3722 | D:5      | Entered Level 5 of the Dungeon
  3796 | D:5      | Noticed an air elemental
  3809 | D:5      | Found a stormy altar of Qazlal.
  3812 | D:5      | Noticed a water elemental
  3812 | D:5      | Noticed a fire elemental
  3865 | D:5      | Found a hide-covered altar of Uskayaw.
  3873 | D:5      | Fell from the grace of Yredelemnul
  3873 | D:5      | Became a worshipper of Uskayaw the Reveler
  4036 | D:5      | Noticed an ice beast
  4042 | D:5      | Reached * piety under Uskayaw
  4046 | D:5      | Reached ** piety under Uskayaw
  4049 | D:5      | Killed an ice beast
  4049 | D:5      | Reached skill level 5 in Unarmed Combat
  4049 | D:5      | Reached *** piety under Uskayaw
  4086 | D:5      | Your scales start taking on an icy white colour.
  4086 | D:5      | Reached XP level 7. HP: 39/52 MP: 9/12
  4086 | D:5      | Gained mutation: Your flesh is cold resistant. (rC+) [White Draconian growth]
  4200 | D:5      | Found an iron altar of Okawaru.
  4274 | D:5      | Learned a level 1 spell: Confusing Touch
  4682 | D:6      | Noticed WhimsyGirl's ghost (novice MiFi)
  4687 | D:5      | Learned a level 1 spell: Summon Small Mammal
  5041 | D:6      | Found a sand-covered staircase.
  5050 | Ossuary  | Entered an ossuary
  5099 | Ossuary  | Learned a level 1 spell: Magic Dart
  5179 | Ossuary  | Reached skill level 6 in Unarmed Combat
  5181 | Ossuary  | Reached XP level 8. HP: 26/59 MP: 2/14
  5183 | Ossuary  | Reached **** piety under Uskayaw
  5387 | Ossuary  | Noticed a flying skull
  5387 | Ossuary  | Noticed a flying skull
  5387 | Ossuary  | Noticed a flying skull
  5387 | Ossuary  | Noticed a flying skull
  5387 | Ossuary  | Noticed a flying skull
  5391 | Ossuary  | Gained mutation: You are agile. (Dex +2) [potion of beneficial mutation]
  5391 | Ossuary  | Slain by a flying skull

Vault maps used:
D:1:      dpeg_arrival_leaves_temple_mockup
D:2:      nicolae_overflow_crystal_walls, xom_teletrap_fun, old_standard_altar
D:4:      serial_shops, shop, nicolae_dithmenos_through_a_glass_darkly
D:5:      lemuel_round_altar, nicolae_qazlal_style_of_elements,
          eat_drink_and_be_merry_uskayaw, first_bread
D:6:      kennysheep_windowed_halls, kennysheep_mini, serial_shops,
          nicolae_shop_waterfront, enter_ossuary_4, minmay_misc_feat_square,
          minivault_11, uniq_pikel
Ossuary:  ossuary_tomb_2

Skill      XL: |  1  2  3  4  5  6  7 |
---------------+----------------------+-----
Dodging        | 2 3 |  3.4
Stealth        | 1 |  1.9
Poison Magic   | 1 2 |  2.6
Unarmed Combat | 4 5 6 |  6.3
Spellcasting   | 3 4 |  4.1
Transmutations | 3 4 |  4.0
Fighting       | |  1.5
Summonings     | |  0.4
Evocations     | |  0.8

Action                   |  1- 3 |  4- 6 |  7- 9 || total
-------------------------+-------+-------+-------++-------
Melee: Unarmed           |   134 |   135 |   180 ||   449
       Tailslap          |    12 |     4 |     2 ||    18
       Kick              |    12 |       |       ||    12
       Headbutt          |     4 |     3 |       ||     7
       Punch             |     1 |       |       ||     1
 Cast: Beastly Appendage |    25 |     4 |     1 ||    30
       Spider Form       |    11 |    24 |    18 ||    53
       Summon Small Mamm |       |       |     8 ||     8
       Confusing Touch   |       |       |     1 ||     1
Invok: Animate Remains   |       |     3 |       ||     3
 Abil: Breathe Frost     |       |       |     2 ||     2
Evoke: Wand              |       |     9 |       ||     9
  Use: Potion            |       |     1 |     1 ||     2
       Scroll            |       |     1 |     4 ||     5
 Stab: Sleeping          |       |     1 |       ||     1
       Paralysed         |       |       |     2 ||     2
  Eat: Chunk             |     5 |    10 |     2 ||    17
       Pizza             |       |     1 |     1 ||     2
       Bread ration      |       |       |     1 ||     1
Armor: Skin              |    26 |    14 |    20 ||    60
Dodge: Dodged            |    85 |   139 |   158 ||   382
